 Dungeon Sprint DCSS version 0.19-a0-1071-g4ed3155 (webtiles) character file.

597 Shrawl the Cruncher (level 7, -4/55 HPs)
             Began as a Demonspawn Gladiator on Aug 5, 2016.
             Was an Initiate of Ru.
             Slain by a red ugly thing (7 damage)
             ... in the Dungeon (Sprint IX: "|||||||||||||||||||||||||||||").
             The game lasted 00:01:33 (612 turns).

Shrawl the Cruncher (Demonspawn Gladiator)           Turns: 612, Time: 00:01:34

Health: -4/55      AC: 19    Str: 15    XL:     7   Next: 17%
Magic:  10/10      EV:  9    Int: 10    God:    Ru [......]
Gold:   0          SH:  0    Dex: 15    Spells: 0 memorised, 6 levels left

rFire  . . .     SeeInvis .     p - +0 lajatang
rCold  . . .     Gourm    .     s - +1 chain mail
rNeg   . . .     Faith    .     (shield currently unavailable)
rPois  .         Spirit   .     c - +0 helmet
rElec  .         Dismiss  .     q - +0 cloak
rCorr  .         Reflect  .     r - +0 pair of gloves
SustAt .         Harm     .     (no boots)
MR     .....     NoTele   +     (no amulet)
Stlth  ++........               u - +2 ring of protection
                                t - +2 ring of protection

@: very slightly contaminated, invisible
A: claws 1, icy blue scales 1, nightstalker 2
a: Renounce Religion


You were in the Dungeon.
You worshipped Ru.
Ru was noncommittal.
You were not hungry.

You visited 1 branch

Inventory:

Hand Weapons
 p - a +0 lajatang (weapon)
Missiles
 d - 3 throwing nets (quivered)
Armour
 c - a +0 helmet (worn)
 q - a +0 cloak (worn)
 r - a +0 pair of gloves (worn)
 s - a +1 chain mail (worn)
Magical Staves
 o - an uncursed staff of energy
Jewellery
 t - a +2 ring of protection (left hand)
 u - a +2 ring of protection (right hand)
Wands
 n - a wand of lightning (0/15)
Scrolls
 k - 2 scrolls of blinking
 l - 3 scrolls of remove curse
 m - 2 scrolls of amnesia
Potions
 e - 5 potions of curing
 g - 2 potions of heal wounds
 h - a potion of haste
 i - 4 potions of magic
Comestibles
 f - a bread ration


   Skills:
 + Level 4.9 Fighting
 * Level 10.0 Staves
 - Level 1.7 Throwing
 + Level 3.0 Armour
 + Level 7.0 Dodging
 * Level 4.4 Stealth
 * Level 4.9 Evocations


You had 6 spell levels left.
You didn't know any spells.

Dungeon Overview and Level Annotations

Branches:
Dungeon (1/1)

Altars:
Cheibriados
Dithmenos
Elyvilon
Fedhas
Gozag
Hepliaklqana
Kikubaaqudgha
Makhleb
Nemelex Xobeh
Okawaru
Pakellas
Qazlal
Ru
Sif Muna
Trog
Uskayaw
Vehumet
Xom
Yredelemnul
Zin
The Shining One
Beogh
Jiyva
Lugonu


Innate Abilities, Weirdness & Mutations

You have sharp fingernails.
You are partially covered in icy blue scales. (AC +2)
You are significantly more attuned to the shadows.


Message History

The arrow hits you but does no damage.
You are very lightly contaminated with residual magic.
You hit the purple ugly thing but do no damage.
The purple ugly thing is severely wounded.
The purple ugly thing basks in your mutagenic energy and changes!
Unknown command.
You catch the helpless red ugly thing completely off-guard!
You hit the red ugly thing.
The red ugly thing is almost dead.
You hit the red ugly thing but do no damage.
The red ugly thing is almost dead.
You hit the red ugly thing.
The red ugly thing is almost dead.
The red ugly thing headbutts you.
You are engulfed in flames!!
* * * LOW HITPOINT WARNING * * *
Unknown command.
You closely miss the red ugly thing.
The red ugly thing is almost dead.
The red ugly thing headbutts you!
You die...

▓[▓
▓)▓
▓)▓
▓.▓
▓.▓
▓.▓
▓)▓
▓.▓
▓@▓
▓u▓
▓Q▓
▓D▓
▓Y▓
▓e▓


You could see a five-headed hydra, a red ugly thing (wandering), a tengu
warrior, a deep elf mage and a sky beast.

Vanquished Creatures
  A troll (D)
  An orc warrior (D)
  An ogre (D)
  A killer bee (D)
  2 hounds (D)
  An orc wizard (D)
  2 worker ants (D)
  A giant gecko (D)
  An orc (D)
  A bat (D)
  3 goblins (D)
  A hobgoblin (D)
  A jackal (D)
17 creatures vanquished.

Notes
Turn   | Place    | Note
-------+----------+-------------------------------------------
     0 | D        | Shrawl the Demonspawn Gladiator began the quest for the Orb.
     0 | D        | Reached XP level 1. HP: 16/16 MP: 1/1
     6 | D        | Reached skill level 3 in Staves
    16 | D        | Reached skill level 4 in Staves
   164 | D        | Noticed a hound
   164 | D        | Noticed a hound
   164 | D        | Noticed a worker ant
   168 | D        | Killed a hound
   168 | D        | Reached skill level 5 in Staves
   168 | D        | Gained mutation: You are slightly more attuned to the shadows. [demonic ancestry]
   168 | D        | Reached XP level 2. HP: 23/23 MP: 2/2
   168 | D        | Reached XP level 3. HP: 28/28 MP: 3/3
   171 | D        | Reached skill level 6 in Staves
   175 | D        | Gained mutation: You are partially covered in icy blue scales. (AC +2) [demonic ancestry]
   175 | D        | Reached XP level 4. HP: 35/35 MP: 4/4
   210 | D        | Found a glowing silver altar of Zin.
   210 | D        | Found a glowing golden altar of the Shining One.
   210 | D        | Found an ancient bone altar of Kikubaaqudgha.
   210 | D        | Found a basalt altar of Yredelemnul.
   210 | D        | Found a shimmering altar of Xom.
   211 | D        | Found a radiant altar of Vehumet.
   212 | D        | Found an iron altar of Okawaru.
   213 | D        | Found a burning altar of Makhleb.
   214 | D        | Found a deep blue altar of Sif Muna.
   215 | D        | Found a bloodstained altar of Trog.
   216 | D        | Found a sparkling altar of Nemelex Xobeh.
   217 | D        | Found a white marble altar of Elyvilon.
   218 | D        | Found a roughly hewn altar of Beogh.
   219 | D        | Found a viscous altar of Jiyva.
   220 | D        | Found a corrupted altar of Lugonu.
   221 | D        | Found a blossoming altar of Fedhas.
   222 | D        | Found a snail-covered altar of Cheibriados.
   223 | D        | Found a shadowy altar of Dithmenos.
   224 | D        | Found a stormy altar of Qazlal.
   225 | D        | Found an opulent altar of Gozag.
   226 | D        | Found a sacrificial altar of Ru.
   227 | D        | Found an oddly glowing altar of Pakellas.
   228 | D        | Found a hide-covered altar of Uskayaw.
   229 | D        | Found a hazy altar of Hepliaklqana.
   233 | D        | Became a worshipper of Ru the Awakened
   283 | D        | Noticed an orc warrior
   283 | D        | Noticed a troll
   284 | D        | Reached skill level 7 in Staves
   284 | D        | Reached skill level 5 in Dodging
   284 | D        | Reached skill level 1 in Stealth
   284 | D        | Reached skill level 1 in Evocations
   286 | D        | Reached skill level 1 in Armour
   286 | D        | Gained mutation: You are significantly more attuned to the shadows. [demonic ancestry]
   286 | D        | Reached XP level 5. HP: 41/41 MP: 4/6
   287 | D        | Killed an ogre
   287 | D        | Reached skill level 8 in Staves
   288 | D        | Reached XP level 6. HP: 46/48 MP: 4/8
   288 | D        | Killed an orc warrior
   288 | D        | Reached skill level 9 in Staves
   293 | D        | Killed a troll
   293 | D        | Reached skill level 10 in Staves
   293 | D        | Gained mutation: You have sharp fingernails. [demonic ancestry]
   293 | D        | Reached XP level 7. HP: 15/55 MP: 4/10
   599 | D        | Noticed a purple ugly thing
   599 | D        | Noticed a tengu warrior
   599 | D        | Noticed a five-headed hydra
   604 | D        | Noticed a deep elf mage
   612 | D        | Slain by a red ugly thing

Vault maps used:
D:        linesprint

Skill      XL: |  1  2  3  4  5  6  7 |
---------------+----------------------+-----
Staves         | 5 6 7 8 10 | 10.0
Dodging        | 3 4 5 6 7 |  7.0
Fighting       | 3 4 |  4.9
Stealth        | 1 3 4 |  4.4
Evocations     | 2 3 4 |  4.9
Armour         | 1 2 3 |  3.0
Throwing       | |  1.7

Action                   |  1- 3 |  4- 6 |  7- 9 || total
-------------------------+-------+-------+-------++-------
Melee: Quarterstaff      |    23 |     2 |       ||    25
       Lajatang          |       |     5 |     7 ||    12
Evoke: Wand              |       |     4 |     3 ||     7
  Use: Potion            |     1 |       |     2 ||     3
 Stab: Invisible         |       |       |     1 ||     1
Armor: Leather armour    |     1 |     1 |       ||     2
       Chain mail        |       |     5 |     2 ||     7
Dodge: Dodged            |    12 |     7 |     1 ||    20
